 Dungeon Crawl Stone Soup version 0.31-a0-1009-g454b1f1e0a (webtiles) character file.

Game seed: 2562414506570716739

123 Azuregosa the Covert (level 5, -2/36 HPs)
             Began as an Octopode Delver on Nov 14, 2023.
             Slain by an orc wizard
             ... wielding a +0 dagger of venom
              (5 damage)
             ... on level 4 of the Dungeon.
             The game lasted 00:08:20 (3139 turns).

Azuregosa the Covert (Octopode Delver)              Turns: 3139, Time: 00:08:21

Health: -2/36      AC:  1    Str: 11    XL:     5   Next: 7%
Magic:  6/6        EV: 13    Int: 14    God:
Gold:   154        SH:  0    Dex: 14    Spells: 1/6 levels left

rFire   . . .        a - +0 falchion
rCold   + . .        (no shield)
rNeg    . . .        (helmet restricted)
rPois   .            (no amulet)
rElec   .            i - ring of protection from cold
rCorr   .            (no ring)
SInv    .            (no ring)
Will    .....        (no ring)
Stlth   ++++         (no ring)
HPRegen 0.26/turn    (no ring)
MPRegen 0.10/turn    (no ring)
                     (no ring)

%: no passive effects
@: confused, lethally poisoned (-2 -> -5)
A: almost no armour, amphibious, 8 rings, camouflage 1, gelatinous body 1,
nimble swimmer 1, tentacles
a: no special abilities


You were on level 4 of the Dungeon.
You visited 1 branch of the dungeon, and saw 5 of its levels.

You collected 154 gold pieces.

Inventory:

Hand Weapons
 a - a +0 falchion (weapon)
 g - a +0 trident
 l - a +0 trident
Missiles
 h - 42 stones
Jewellery
 i - a ring of protection from cold (left tentacle)
Talismans
 o - a flux talisman
Wands
 f - a wand of digging (3)
Scrolls
 b - a scroll of fog
 c - a scroll of revelation
 d - a scroll of fear
 k - 2 scrolls of identify {unknown}
 p - a scroll of acquirement {unknown}
 r - a scroll of teleportation {unknown}
Potions
 e - 2 potions of haste
 j - a potion of resistance {unknown}
 m - a potion of magic {unknown}
 n - a potion of mutation {unknown}
 q - a potion of degeneration {unknown}


   Skills:
 - Level 3.0 Fighting
 - Level 2.0 Long Blades
 - Level 2.0 Dodging
 - Level 8.8 Stealth
 + Level 1.2 Spellcasting
 + Level 1.3 Hexes


You had one spell level left.
You knew the following spells:

 Your Spells              Type           Power      Damage    Failure   Level
a - Ensorcelled Hibernat  Hex/Ice        4%         N/A       30%         2
b - Sigil of Binding      Hex            4%         N/A       41%         3

Your spell library contained the following spells:

 Spells                   Type           Power      Damage    Failure   Level
 Jinxbite                 Hex            8%         N/A       22%         2
 Call Canine Familiar     Summ           0%         N/A       61%         3
 Anguish                  Hex/Necr       1%         N/A       89%         4
 Dimensional Bullseye     Hex/Tloc       1%         N/A       89%         4
 Leda's Liquefaction      Hex/Erth       1%         N/A       89%         4
 Iskenderun's Battlesphe  Conj           0%         2d6       100%        5
 Bombard                  Conj/Erth      0%         9d1       100%        6
 Spellforged Servitor     Conj/Summ      0%         N/A       100%        7


Dungeon Overview and Level Annotations

Branches:
Dungeon (5/15)
 Temple: D:4-7

Altars:
Zin

Shops:
D:1 [([


Innate Abilities, Weirdness & Mutations

You cannot wear most types of armour.
You are amphibious.
You can wear up to eight rings at the same time.
Your skin changes colour to match your surroundings (Stealth+).
Your rubbery body absorbs attacks. (AC +1, EV +1)
You are camouflaged when in or above water. (Stealth+)
You have tentacles for arms and can constrict up to eight enemies at once.


Message History

There is a stone staircase leading down here.
You climb downwards.
There is a stone staircase leading up here.
You enter the deep water.
An orc wizard comes into view. It is wielding a +0 dagger of venom.
An orc comes into view. It is wielding a +0 dagger.
An orc priest comes into view. It is wielding a +0 hand axe.
The orc shouts!
The orc wizard shouts!
You enter the shallow water.
The orc wizard hits you with a +0 dagger of venom.
You are poisoned.
You closely miss the orc wizard. Your grab misses the orc wizard.
You feel very sick.
The orc wizard splashes around in the water.
The orc priest invokes the aid of Beogh against you.
Pain shoots through your body!
The orc priest mumbles some strange prayers to Beogh against you.
Beogh smites you!
The orc wizard splashes around in the water.
You closely miss the orc wizard. Your grab misses the orc wizard.
You feel sick. The orc hits you with a +0 dagger.
The orc wizard splashes around in the water.
You barely miss the orc wizard. You grab the orc wizard.
You constrict the orc wizard.
You feel sick. The orc misses you.
The orc wizard points at you and mumbles some strange words.
You are confused.
You hit the orc wizard but do no damage.
You squeeze the orc wizard!
The orc wizard is heavily wounded.
You constrict the orc wizard.
You feel sick. The orc hits you with a +0 dagger.
* * * LOW HITPOINT WARNING * * *
The orc wizard curses noisily.
The orc wizard hits you with a +0 dagger of venom.
* * * LOW HITPOINT WARNING * * *
You are too confused!
You release your grip on the orc wizard.
* * * LOW HITPOINT WARNING * * *
You feel sick.
The orc wizard hits you with a +0 dagger of venom.
You die...

###.......................
#≈####....###.#######.#.##
#≈≈#≈#≈....##÷## #.....
##≈≈≈≈≈~~...#..# #...##
##≈≈≈≈≈~.P....# #...#
###≈≈≈≈~.....# #.###
###≈~≈~≈P~~.## #.#
##..P~≈≈≈~≈...#####.####
#...P~P@≈≈~~...##.......
###.....oo~≈≈P~...........
.......#..~~~≈≈~~...#.......
.....#....o~≈≈≈≈PP..#.......
####.#####.W~≈≈≈≈~..#.......
....###.~~~≈≈≈~..#.......
......)...~P≈≈≈~~.........
.##.#.##.#.~~~≈≈~...##+####
...#.~~~≈≈~~~.#


You could see a phantom, an orc priest, an orc wizard and an orc.

Vanquished Creatures
  2 adders (D:2)
  4 worms
  3 dart slugs (D:2)
  3 orcs
  5 ball pythons
  5 bats (D:1)
  6 endoplasms (D:1)
  3 giant cockroaches
  6 goblins
  8 hobgoblins
  6 jackals
  7 kobolds
  6 quokkas
  3 frilled lizards
  7 rats
74 creatures vanquished.

Notes
Turn   | Place    | Note
-------+----------+-------------------------------------------
     0 | D:5      | Azuregosa the Octopode Delver began the quest for the Orb.
     0 | D:5      | Reached XP level 1. HP: 16/16 MP: 1/1
     2 | D:5      | Noticed an iguana
   121 | D:4      | Reached skill level 7 in Stealth
   125 | D:4      | Reached XP level 2. HP: 16/21 MP: 2/2
   162 | D:4      | Noticed a phantom
   447 | D:3      | Reached XP level 3. HP: 26/26 MP: 3/3
   486 | D:3      | Found a glowing silver altar of Zin.
   551 | D:2      | Reached skill level 8 in Stealth
   965 | D:1      | Found a transporter.
   968 | D:1      | Found Mixzuic's Antique Armour Emporium.
   987 | D:1      | Found Acolomei's Weapon Boutique.
  1011 | D:1      | Found a transporter.
  1129 | D:1      | Reached XP level 4. HP: 30/31 MP: 4/4
  1137 | D:1      | Found Keagh's Armour Shop.
  1930 | D:2      | Learned a level 2 spell: Ensorcelled Hibernation
  2306 | D:2      | Reached skill level 1 in Hexes
  2360 | D:2      | Reached skill level 1 in Spellcasting
  2435 | D:2      | Reached XP level 5. HP: 36/36 MP: 6/6
  2550 | D:3      | Learned a level 3 spell: Sigil of Binding
  2669 | D:3      | Noticed an ogre
  3139 | D:4      | Slain by an orc wizard

Illustrated notes

Levels and vault maps discovered:
D:1:      dpeg_arrival_rhombi, layout_basic, serial_shops,
          nicolae_shop_bloodbath_and_beyond, shop, nicolae_shop_drivethru,
          serial_forest, infiniplex_forest_clump_large, infiniplex_forest_pool,
          infiniplex_forest_straight_5, infiniplex_forest_clump_curved,
          infiniplex_forest_fountain, infiniplex_forest_lined_1,
          minmay_tetromino_l4
D:2:      layout_basic
D:3:      layout_loops_ring, zin_academy
D:4:      layout_basic, serial_shops, nicolae_shop_rolling_square,
          chequers_big_river, uniq_pikel
D:5:      minmay_razor_zed, layout_basic

Skill      XL: |  1  2  3  4 |
---------------+-------------+-----
Stealth        | 7 8 |  8.8
Hexes          | 1 |  1.3
Spellcasting   | 1 |  1.2
Fighting       | |  3.0
Long Blades    | |  2.0
Dodging        | |  2.0

Action                     |  1- 3 |  4- 6 || total
---------------------------+-------+-------++-------
  Melee: Falchion          |    74 |    55 ||   129
         Constrict         |    24 |    15 ||    39
         Tentacles         |    16 |     7 ||    23
         Punch             |     1 |       ||     1
    Use: Scroll            |       |     1 ||     1
   Stab: Sleeping          |    15 |    17 ||    32
 Armour: Skin              |    30 |    23 ||    53
  Dodge: Dodged            |    49 |    16 ||    65

Table legend: (Time is in decaauts)
 A = Elapsed time spent in this place.
 B = Non-inter-level travel time spent in this place.
 C = Inter-level travel time spent in this place.
 D = Time resting spent in this place.
 E = Time spent auto-exploring this place.
 F = Levels seen in this place.
 G = Mean time per level.
                   A        B        C        D        E       F      G
               +--------+--------+--------+--------+--------+-----+--------+
         Total |   3164 |   3094 |     70 |    245 |   2024 |   5 |  632.8 |
       Dungeon |   3164 |   3094 |     70 |    245 |   2024 |   5 |  632.8 |
               +--------+--------+--------+--------+--------+-----+--------+

Top non-repeatable levels by time:
     D:1: 1106 daAuts
     D:3: 927 daAuts
     D:2: 909 daAuts
     D:4: 132 daAuts
     D:5: 87 daAuts
